 Dungeon Crawl Stone Soup version 0.24.0-13-gcf9b3192b9 (webtiles) character file.

Game seed: 11213256475370558234, levelgen mode: deterministic

411908 Ge0ff the Slayer (level 22, -5/191 HPs)
             Began as a Minotaur Fighter on Nov 10, 2019.
             Was the Champion of Makhleb.
             Slain by an Orb Guardian (22 damage)
             ... on level 5 of the Realm of Zot.
             The game lasted 01:26:52 (46221 turns).

Ge0ff the Slayer (Minotaur Fighter)                Turns: 46221, Time: 01:26:54

Health: -5/191     AC: 34    Str: 30      XL:     22   Next: 16%
Magic:  42/42      EV: 22    Int:  5      God:    Makhleb [******]
Gold:   855        SH: 14    Dex: 10 (11) Spells: 21/21 levels left

rFire    + + .     SeeInvis +   a - +8 broad axe "Oploroes" {vamp, *Noise rElec rN+}
rCold    + . .     Gourm    .   c - +0 shield
rNeg     + + .     Faith    +   f - +6 plate armour {rF+}
rPois    +         Spirit   .   Q - +2 hat {SInv}
rElec    +         Reflect  .   G - +2 cloak {+Inv}
rCorr    +         Harm     .   v - +1 pair of gloves
MR       ++...                  t - +0 pair of boots
Stlth    ..........             z - amulet of faith
HPRegen  0.00/turn              d - ring of Phasing {EV+8}
MPRegen  0.28/turn              V - ring "Plog" {rN+ MR+ MP+9 Stlth+, =R}

@: resistant, marked, very slightly contaminated
A: retaliatory headbutt, horns 2, blurry vision 1, deterioration 1, frail 1,
inhibited regeneration, wild magic 1
}: 3/15 runes: barnacled, slimy, gossamer
a: Minor Destruction, Lesser Servant of Makhleb, Major Destruction, Greater
Servant of Makhleb, Renounce Religion, Evoke Invisibility


You were on level 5 of the Realm of Zot.
You worshipped Makhleb.
Makhleb was exalted by your worship.
You were not hungry.

You visited 10 branches of the dungeon, and saw 49 of its levels.
You also visited: Gauntlet.

You collected 3591 gold pieces.
You spent 2736 gold pieces at shops.

Inventory:

Hand Weapons
 a - the +8 broad axe "Oploroes" (weapon) {vamp, *Noise rElec rN+}
   (You acquired it on level 2 of the Realm of Zot)

   It inflicts no extra harm, but heals its wielder when it wounds a living foe.
   It insulates you from electricity.
   It protects you from negative energy.
   It may make noises in combat.
 b - a +2 broad axe of freezing
 h - the +10 morningstar "Kykouddo" {antimagic, rElec rC+ Str+3 Dex+4}
   (You found it in a Gauntlet)

   It reduces the magical energy of the wielder, and disrupts the spells and
   magical abilities of those hit.
   Natural abilities and divine invocations are not affected.
   It affects your strength (+3).
   It affects your dexterity (+4).
   It protects you from cold.
   It insulates you from electricity.
 K - a +4 trident of distortion
Missiles
 g - 7 throwing nets {=f}
 x - 29 silver javelins (quivered)
Armour
 c - a +0 shield (worn)
 f - a +6 plate armour of fire resistance (worn)
 t - a +0 pair of boots (worn)
 v - a +1 pair of gloves (worn)
 G - a +2 cloak of invisibility (worn)
 Q - a +2 hat of see invisible (worn)
Jewellery
 d - the ring of Phasing (left hand) {EV+8}
   (You found it on level 4 of the Shoals)

   [ring of evasion]

   It affects your evasion (+8).
 w - an uncursed ring of protection from fire
 z - an amulet of faith (around neck)
 L - the ring of Obsession {-Tele rPois rN+ Str+2 SInv}
   (You found it on level 15 of the Dungeon)

   [ring of strength]

   It affects your strength (+2).
   It protects you from poison.
   It protects you from negative energy.
   It lets you see invisible.
   It prevents most forms of teleportation.
 V - the ring "Plog" (right hand) {rN+ MR+ MP+9 Stlth+, =R}
   (You took it off a centaur on level 15 of the Dungeon)

   [ring of positive energy]

   It protects you from negative energy.
   It affects your resistance to hostile enchantments.
   It affects your magic capacity (+9).
   It makes you more stealthy.
 Y - the ring of Necwo {rPois rC+}
   (You found it on level 14 of the Dungeon)

   [ring of poison resistance]

   It protects you from cold.
   It protects you from poison.
Wands
 e - a wand of enslavement (9)
 j - a wand of acid (15)
 k - a wand of iceblast (32)
 p - a wand of paralysis (40)
 s - a wand of disintegration (32)
 P - a wand of polymorph (32)
Scrolls
 i - 8 scrolls of identify
 u - 2 scrolls of holy word
 y - 4 scrolls of immolation
 B - a scroll of blinking
 C - 12 scrolls of remove curse
 E - 4 scrolls of fear
 F - 7 scrolls of fog
 J - 2 scrolls of silence {!r}
 T - 13 scrolls of teleportation
 Z - a scroll of brand weapon
Potions
 o - 3 potions of ambrosia
 q - 5 potions of curing
 A - 2 potions of agility
 I - 4 potions of invisibility
 M - 2 potions of might
 N - 4 potions of cancellation {!q}
 S - a potion of mutation
 W - 7 potions of heal wounds {!q}
 X - a potion of flight
Miscellaneous
 l - a lightning rod (4/4)
 n - a phial of floods
 D - a sack of spiders
 O - 4 boxes of beasts
 U - a phantom mirror
Comestibles
 r - 39 rations


   Skills:
 + Level 21.3 Fighting
 - Level 18.0 Axes
 - Level 5.0 Throwing
 + Level 18.6 Armour
 + Level 13.8 Dodging
 - Level 14.0 Shields
 - Level 17.0 Invocations
 - Level 14.0 Evocations


You had 21 spell levels left.
You didn't know any spells.
Your spell library contained the following spells:

 Spells                   Type           Power        Failure   Level  Hunger
 Confusing Touch          Hex            #.....       97%         1    ##.....
 Corona                   Hex            #......      97%         1    ##.....
 Flame Tongue             Conj/Fire      #....        97%         1    ##.....
 Infusion                 Chrm           #...         97%         1    ##.....
 Magic Dart               Conj           #...         97%         1    ##.....
 Sting                    Conj/Pois      #...         97%         1    ##.....
 Summon Butterflies       Summ           #.......     97%         1    ##.....
 Blink                    Tloc           N/A          99%         2    ###....
 Ensorcelled Hibernation  Hex/Ice        #.....       99%         2    ###....
 Passwall                 Tmut/Erth      #.......     99%         2    ###....
 Poisonous Vapours        Pois/Air       #.....       99%         2    ###....
 Searing Ray              Conj           #.....       99%         2    ###....
 Shroud of Golubria       Chrm/Tloc      #.....       99%         2    ###....
 Song of Slaying          Chrm           #.......     99%         2    ###....
 Sticks to Snakes         Tmut           #.......     99%         2    ###....
 Swiftness                Chrm/Air       #.......     99%         2    ###....
 Throw Flame              Conj/Fire      #.....       99%         2    ###....
 Confuse                  Hex            #.......     100%        3    ####...
 Conjure Flame            Conj/Fire      #.......     100%        3    ####...
 Dazzling Spray           Conj/Hex       #.....       100%        3    ####...
 Gell's Gravitas          Tloc           #.........   100%        3    ####...
 Ignite Poison            Fire/Tmut/Pois #.......     100%        3    ####...
 Inner Flame              Hex/Fire       #.......     100%        3    ####...
 Lesser Beckoning         Tloc           #.........   100%        3    ####...
 Mephitic Cloud           Conj/Pois/Air  #.......     100%        3    ####...
 Portal Projectile        Hex/Tloc       #.....       100%        3    ####...
 Teleport Other           Tloc           #.......     100%        3    ####...
 Tukima's Dance           Hex            #.......     100%        3    ####...
 Cause Fear               Hex            #.........   100%        4    #####..
 Force Lance              Conj/Tloc      #.......     100%        4    #####..
 Fulminant Prism          Conj/Hex       #.........   100%        4    #####..
 Iskenderun's Mystic Bla  Conj           #.......     100%        4    #####..
 Olgreb's Toxic Radiance  Pois           #.......     100%        4    #####..
 Passage of Golubria      Tloc           N/A          100%        4    #####..
 Petrify                  Tmut/Erth      #.......     100%        4    #####..
 Sticky Flame             Conj/Fire      #.......     100%        4    #####..
 Alistair's Intoxication  Tmut/Pois      #.......     100%        5    ######.
 Aura of Abjuration       Summ           #.........   100%        5    ######.
 Bolt of Magma            Conj/Fire/Erth #.........   100%        5    ######.
 Fireball                 Conj/Fire      #.........   100%        5    ######.
 Irradiate                Conj/Tmut      #.........   100%        5    ######.
 Lee's Rapid Deconstruct  Erth           #.........   100%        5    ######.
 Silence                  Hex/Air        #.........   100%        5    ######.
 Yara's Violent Unravell  Hex/Tmut       #.........   100%        5    ######.
 Darkness                 Hex            #.........   100%        6    #######
 Deflect Missiles         Chrm/Air       #.........   100%        6    #######
 Freezing Cloud           Conj/Ice/Air   #.........   100%        6    #######
 Invisibility             Hex            #.......     100%        6    #######
 Simulacrum               Ice/Necr       #.........   100%        6    #######
 Statue Form              Tmut/Erth      #........    100%        6    #######
 Malign Gateway           Summ/Tloc      #.........   100%        7    #######
 Ring of Flames           Chrm/Fire      #.........   100%        7    #######
 Controlled Blink         Tloc           N/A          100%        8    #######
 Discord                  Hex            #.........   100%        8    #######


Dungeon Overview and Level Annotations

Branches:
Dungeon (15/15)            Temple (1/1) D:5            Lair (6/6) D:8
 Shoals (4/4) Lair:3       Spider (4/4) Lair:4        Slime (5/5) Lair:5
    Orc (2/2) D:9             Elf (0/3) Orc:2        Vaults (2/5) D:13
 Depths (5/5) D:15            Zot (5/5) Depths:5    Gauntlet (visited)
  Crypt: Vaults:2-3

Altars:
Elyvilon
Fedhas
Gozag
Hepliaklqana
Kikubaaqudgha
Makhleb
Nemelex Xobeh
Okawaru
Qazlal
Sif Muna
Uskayaw
Vehumet
Wu Jian
Xom
Yredelemnul
Jiyva

Shops:
D:6 [[   D:7 :   D:8 %   D:9 %   D:11 (   D:15 ![   Orc:2 ??[?*   Shoals:1 !
Shoals:4 *

Portals:
Hell: Depths:5
Abyss: Depths:1

Annotations:
Shoals:2 Polyphemus
Vaults:2 Asterion
Depths:3 Bai Suzhen, Frederick
Depths:5 exclusion: door


Innate Abilities, Weirdness & Mutations

You reflexively headbutt those who attack you in melee.
You have a pair of horns on your head.
Scrolls take you a little longer to read.
Your body sometimes deteriorates upon taking damage.
You are frail. (-10% HP)
You do not regenerate when monsters are visible.
Your spells are a little harder to cast, but a little more powerful.


Message History

The Killer Klown blinks!
The Orb Guardian hits you but does no damage.
The Killer Klown blinks!
You block the Orb Guardian's attack.
The death cob hits you but does no damage.
The Orb Guardian completely misses you. You furiously retaliate!
You headbutt the Orb Guardian. The Orb Guardian hits you.
* * * LOW HITPOINT WARNING * * *
The ancient lich mumbles some strange words.
The ancient lich seems to speed up.
The Orb Guardian hits you but does no damage.
You closely miss the Orb Guardian.
The Orb Guardian is severely wounded.
You slash the Orb Guardian! x2; You feel better.
You closely miss the Orb Guardian.
You hit the Orb Guardian but do no damage.
Your plate armour prevents you from hitting the death cob.
You hit the Orb Guardian.
You feel better. The death cob hits you.
* * * LOW HITPOINT WARNING * * *
The Orb Guardian hits you!!
You die...

................
..................▓▓.
...........^...X.....▓..
........§............d.
...X......X..§.......▓
........§..§.......p.▓
......z..§§.....X....▓
........§§§....XXXL/.#
......§...§§X.Xz@X..#
.......:z.....XXX.▓##
..§..)[.)......▓▓▓▓
▓....X##▓▓▓▓▓▓▓▓▓▓
^..^..........^.^.
..).......%....##
........[.......##
.................#
...2.............#


You could see a Killer Klown, an ancient lich, a red draconian, a death cob and
12 Orb Guardians.

Vanquished Creatures
  Dissolution (Slime:4)
  2 orbs of fire
  A juggernaut (Depths:2)
  Nikola (Shoals:4)
  A golden dragon (Depths:5)
  10 tentacled monstrosities
  5 Orb Guardians (Zot:5)
  A quicksilver dragon (Depths:2)
  5 death cobs
  9 acid blobs
  2 krakens (Shoals:2)
  A sphinx (D:15)
  Agnes (D:15)
  A draconian monk (Zot:5)
  2 storm dragons
  5 shadow dragons
  4 azure jellies
  6 frost giants
  2 draconian scorchers
  A fire giant (Depths:5)
  3 draconian knights
  6 ghost moths
  3 draconian shifters
  5 emperor scorpions (Spider:4)
  2 ironheart preservers (Vaults:1)
  9 very ugly things
  9 stone giants
  A vampire knight (Depths:3)
  6 green draconians
  5 black draconians
  8 yellow draconians
  2 red draconians
  4 white draconians
  7 purple draconians
  The ghost of Afrar the Peltast, a journeyman FoFi of Okawaru (D:12)
  4 ettins
  3 merfolk javelineers
  Josephine (Lair:4)
  Snorg (Lair:5)
  4 fire dragons
  4 merfolk impalers
  7 yaktaur captains
  5 death oozes (Slime:5)
  2 hydras
  4 vault guards
  7 great orbs of eyes
  4 rakshasas
  3 ice dragons
  6 centaur warriors
  2 alligator snapping turtles
  3 merfolk aquamancers
  A death knight (Vaults:1)
  A merfolk avatar (Shoals:4)
  A spriggan air mage (Depths:5)
  A catoblepas (Lair:5)
  An anaconda (shapeshifter) (D:14)
  Erica (D:10)
  7 ogre magi
  12 two-headed ogres
  2 tengu warriors
  A satyr (Spider:4)
  2 death scarabs (Gauntlet)
  7 deep troll earth magi
  An orc high priest (Orc:2)
  6 deep troll shamans
  8 skeletal warriors
  4 deep elf knights
  A spectral death yak (Gauntlet)
  4 iron trolls
  A hell knight (Depths:5)
  A salamander mystic (D:15)
  4 unseen horrors
  2 wizards
  10 deep trolls
  5 sea snakes
  A deep elf archer (Vaults:1)
  A spectral wolf spider (D:12)
  2 flayed ghosts
  4 glowing orange brains
  3 deep elf magi
  3 harpies (Shoals:1)
  6 ironbrand convokers
  Pikel (D:8)
  A spectral hydra (Gauntlet)
  6 orc knights
  2 wolf spider zombies
  A necromancer (Depths:3)
  A shining eye (Slime:3)
  11 orb spiders
  22 wolf spiders
  8 manticores
  3 orc sorcerers
  3 salamanders (D:15)
  A salamander (shapeshifter) (Vaults:2)
  2 fauns
  4 oklob plants (Lair:3)
  45 ugly things
  7 cyclopes
  A black mamba (shapeshifter) (Vaults:1)
  12 moths of wrath
  6 elephants (Lair:3)
  3 water nymphs
  A merfolk siren (Shoals:4)
  2 naga magi (D:15)
  3 black mambas (Lair:6)
  An eye of devastation (Slime:4)
  2 guardian serpents (D:15)
  2 centaur zombies
  5 vault sentinels
  4 gargoyles
  12 spiny frogs
  A smoke demon (Gauntlet)
  2 spiny frogs (shapeshifter)
  3 torpor snails
  3 freezing wraiths
  2 efreet (D:15)
  24 yaktaurs
  A rime drake (shapeshifter) (D:15)
  2 rime drakes
  3 kobold demonologists
  A redback zombie (D:15)
  9 demonic crawlers
  8 komodo dragons
  21 merfolk
  4 polar bears (Lair:6)
  A red devil (Gauntlet)
  3 tengu conjurers
  13 jumping spiders
  7 hornets
  A jumping spider (shapeshifter) (D:15)
  A polar bear (shapeshifter) (D:15)
  6 trolls
  2 wind drakes
  A spectral dream sheep (Gauntlet)
  Grinder (D:6)
  4 blink frogs (Lair:4)
  5 dream sheep
  42 slime creatures
  9 hippogriffs
  4 snapping turtles
  8 spriggans
  2 shadows
  2 centaur simulacra (D:12)
  A tarantella (shapeshifter) (Depths:1)
  25 tarantellas
  2 wyverns (D:12)
  51 yaks
  74 redbacks
  7 water elementals
  6 wraiths
  A human (D:11)
  6 golden eyes
  A basilisk (shapeshifter) (Vaults:1)
  2 basilisks (Lair:6)
  2 steam dragons
  2 vampire mosquitoes (D:15)
  Menkaure (D:5)
  A soldier ant (D:11)
  A warg (Vaults:1)
  An acid dragon (D:11)
  2 nagas (D:15)
  A water moccasin (shapeshifter) (Depths:3)
  11 water moccasins
  2 floating eyes (D:15)
  6 porcupines
  5 ice beasts
  4 sky beasts
  28 orc warriors
  2 slaves (D:8)
  5 eyes of draining
  2 necrophages
  2 phantoms
  A tengu (shapeshifter) (Vaults:2)
  5 black bears
  16 ogres
  20 wolves
  18 centaurs
  6 boggarts
  11 crocodiles
  5 big kobolds
  Blork the orc (D:5)
  13 bullfrogs
  A wyvern zombie (D:10)
  2 wyvern skeletons
  A hornet simulacrum (D:12)
  4 scorpions
  An elf simulacrum (Vaults:2)
  An electric eel (Lair:1)
  7 howler monkeys
  15 crimson imps
  A bullfrog zombie (D:8)
  5 hounds
  4 jellies
  6 centaur skeletons
  14 orc priests
  4 bullfrog skeletons
  23 orc wizards
  4 iguanas
  13 worker ants
  A howler monkey zombie (D:7)
  2 worker ant zombies (D:11)
  13 adders
  4 shadow imps
  An ooze (D:1)
  2 adder skeletons
  A worm (D:2)
  3 dart slugs
  5 leopard geckos
  74 orcs
  A ball python (D:4)
  6 giant cockroaches
  5 goblins
  3 hobgoblins
  31 kobolds
  3 quokkas
  2 bats
  2 frilled lizards (D:2)
  2 leopard gecko skeletons (D:4)
  A quokka skeleton (D:5)
  4 rats
  A fungus (Lair:6)
  3 tentacles (Shoals:2)
1290 creatures vanquished.

Vanquished Creatures (collateral kills)
  the Royal Jelly (Slime:5)
  A juggernaut (Depths:5)
  A curse toe (Zot:3)
  A golden dragon (Zot:3)
  Jorgrun (Shoals:3)
  Rupert (Orc:2)
  An Orb Guardian (Zot:5)
  A quicksilver dragon (Depths:5)
  8 acid blobs
  A shadow dragon (Zot:5)
  2 storm dragons
  Kirke (D:14)
  An azure jelly (Slime:5)
  A draconian monk (Zot:3)
  2 vault wardens (Vaults:1)
  3 emperor scorpions
  A draconian stormcaller (Zot:5)
  A stone giant (Vaults:1)
  An entropy weaver (Spider:3)
  2 black draconians
  A green draconian (Zot:2)
  A purple draconian (Depths:5)
  2 yellow draconians (Zot:3)
  A minotaur (Gauntlet)
  3 white draconians
  A red draconian (Depths:5)
  An ettin (Depths:5)
  3 merfolk javelineers (Shoals:4)
  A death ooze (Slime:5)
  5 merfolk impalers
  2 great orbs of eyes
  An alligator snapping turtle (Shoals:4)
  4 vault guards
  Erolcha (Orc:1)
  A satyr (Shoals:4)
  3 merfolk avatars (Shoals:4)
  5 merfolk aquamancers (Shoals:4)
  An ogre mage (D:13)
  2 orc high priests (Orc:2)
  7 sea snakes
  3 orc knights (Orc:2)
  An ugly thing (D:14)
  An orb spider (Spider:4)
  A spectral wolf spider (D:12)
  7 manticores (Shoals:4)
  An orc sorcerer (Orc:2)
  4 fauns (Shoals:3)
  3 shining eyes
  4 merfolk sirens
  A moth of wrath (Zot:3)
  2 centaur zombies
  2 elephants (Lair:3)
  A spectral centaur (D:12)
  2 black mambas (Lair:3)
  A spiny frog (Lair:4)
  A centaur skeleton (D:12)
  A komodo dragon (Lair:4)
  A freezing wraith (Vaults:1)
  A yaktaur (D:13)
  A troll (Orc:2)
  A jumping spider (Spider:4)
  15 merfolk
  A hornet (Lair:6)
  2 hippogriffs
  6 wind drakes (Shoals:4)
  20 slime creatures
  A snapping turtle (Shoals:4)
  5 spriggans (Lair:6)
  2 wyverns
  3 wraiths
  2 redbacks (Spider:4)
  A yak (Lair:4)
  5 water elementals (Shoals:4)
  A tarantella (Spider:2)
  2 golden eyes (Slime:5)
  A hungry ghost (D:10)
  A black bear (Lair:6)
  An ice beast (D:12)
  7 orc warriors
  3 centaurs
  A wolf (Lair:3)
  A wyvern skeleton (D:14)
  A bullfrog zombie (D:12)
  A hound (D:12)
  A jelly (D:14)
  3 orc priests (Orc:2)
  3 orc wizards (Orc:2)
  6 orcs
  2 kobolds (D:15)
216 creatures vanquished.

Vanquished Creatures (others)
  An electric golem (Zot:5)
  3 death cobs (Zot:3)
  A draconian knight (Zot:5)
  A draconian scorcher (Zot:1)
  A draconian stormcaller (Depths:5)
  A black draconian (Zot:5)
  A deep troll shaman (Depths:3)
  A merfolk siren (Shoals:4)
  A tengu conjurer (Depths:5)
  2 merfolk
  2 slime creatures (Slime:1)
  A dream sheep (Shoals:3)
  A redback (Spider:4)
  4 humans (D:14)
  A water elemental (Shoals:4)
  An orc wizard (Orc:2)
  25 fungi
  14 plants
  17 tentacles (Shoals:2)
  10 withered plants (Gauntlet)
89 creatures vanquished.

Grand Total: 1595 creatures vanquished

Notes
Turn   | Place    | Note
-------+----------+-------------------------------------------
     0 | D:1      | Ge0ff the Minotaur Fighter began the quest for the Orb.
     0 | D:1      | Reached XP level 1. HP: 19/19 MP: 0/0
   473 | D:1      | Reached XP level 2. HP: 27/27 MP: 1/1
   495 | D:1      | Reached skill level 4 in Fighting
   990 | D:2      | Reached XP level 3. HP: 29/33 MP: 2/2
  1509 | D:2      | Found a white marble altar of Elyvilon.
  1959 | D:4      | Noticed an ogre
  1965 | D:4      | Killed an ogre
  1965 | D:4      | Reached skill level 5 in Axes
  1965 | D:4      | Reached skill level 1 in Dodging
  1965 | D:4      | Reached XP level 4. HP: 8/41 MP: 3/3
  1965 | D:4      | Reached XP level 5. HP: 9/47 MP: 4/4
  2866 | D:4      | Reached skill level 5 in Fighting
  3389 | D:4      | Found a sparkling altar of Nemelex Xobeh.
  3389 | D:4      | Found a hide-covered altar of Uskayaw.
  3422 | D:5      | Entered Level 5 of the Dungeon
  3426 | D:5      | Reached XP level 6. HP: 56/56 MP: 5/5
  3439 | D:5      | Noticed an orc warrior
  3444 | D:5      | Noticed Menkaure
  3451 | D:5      | Killed an orc warrior
  3453 | D:5      | Killed Menkaure
  3464 | D:5      | Reached XP level 7. HP: 26/61 MP: 6/6
  3672 | D:5      | Found a staircase to the Ecumenical Temple.
  3688 | D:5      | Found a shimmering blue altar of Sif Muna.
  3703 | Temple   | Entered the Ecumenical Temple
  3718 | Temple   | Became a worshipper of Makhleb the Destroyer
  3814 | D:5      | Reached skill level 5 in Armour
  3814 | D:5      | Reached skill level 5 in Shields
  4073 | D:5      | Noticed Blork the orc
  4082 | D:5      | Killed Blork the orc
  4082 | D:5      | Reached skill level 1 in Evocations
  4345 | D:6      | Reached skill level 6 in Fighting
  4478 | D:6      | Reached XP level 8. HP: 48/70 MP: 8/8
  4603 | D:6      | Found an opulent altar of Gozag.
  4608 | D:6      | Noticed Grinder
  4623 | D:6      | Paralysed by Grinder for 7 turns
  4628 | D:6      | HP: 1/71 [Grinder (5)]
  4630 | D:6      | Killed Grinder
  5216 | D:6      | Reached * piety under Makhleb
  5523 | D:6      | Found an ancient bone altar of Kikubaaqudgha.
  5532 | D:6      | Found Jykhac's Armour Boutique.
  5563 | D:6      | Reached skill level 7 in Fighting
  5911 | D:6      | Found Goocy's Antique Armour Emporium.
  5914 | D:6      | Bought an embroidered cloak for 210 gold pieces
  6398 | D:6      | Reached XP level 9. HP: 79/80 MP: 10/10
  6465 | D:7      | Reached skill level 10 in Axes
  6633 | D:7      | Reached skill level 8 in Fighting
  6676 | D:8      | Reached ** piety under Makhleb
  6724 | D:8      | Identified the Almanac of Fetching Arcane Weapons
  6898 | D:8      | Reached skill level 5 in Evocations
  7106 | D:8      | Reached skill level 9 in Fighting
  7231 | D:8      | Found Sauno's Food Boutique.
  7317 | D:8      | Found an ornate altar of the Wu Jian Council.
  7318 | D:8      | Noticed Pikel
  7323 | D:8      | Reached *** piety under Makhleb
  7340 | D:8      | Killed Pikel
  7340 | D:8      | Reached XP level 10. HP: 61/91 MP: 11/13
  7622 | D:8      | Found a staircase to the Lair.
  7866 | D:7      | Got a spiked ring mail
  8054 | D:7      | Reached skill level 1 in Invocations
  8086 | D:7      | Found a hazy altar of Hepliaklqana.
  8241 | D:7      | Found Ajunesie's Book Shop.
  8672 | D:9      | Got a smoking long sword
  8765 | D:9      | Reached **** piety under Makhleb
  8810 | D:9      | Found a staircase to the Orcish Mines.
  9014 | D:9      | Found Burholl's Food Shoppe.
  9200 | D:10     | Entered Level 10 of the Dungeon
  9269 | D:10     | Noticed Erica
  9280 | D:10     | Killed Erica
  9560 | D:10     | Reached skill level 10 in Fighting
 10063 | Lair:1   | Entered Level 1 of the Lair of Beasts
 10405 | Lair:1   | Reached XP level 11. HP: 99/99 MP: 14/14
 11774 | Lair:2   | Reached skill level 11 in Fighting
 11774 | Lair:2   | Reached skill level 5 in Invocations
 12236 | Lair:3   | Noticed an oklob plant
 12283 | Lair:2   | Identified the cursed +1 ring mail "Ekiunta" {Int+9} (You
                  | found it on level 7 of the Dungeon)
 12285 | Lair:2   | Identified the +6 long sword of Beyond {drain, *Contam
                  | Str+4 Dex+4} (You found it on level 9 of the Dungeon)
 12819 | Lair:3   | Reached skill level 15 in Axes
 12952 | Lair:3   | Reached XP level 12. HP: 105/109 MP: 16/16
 13558 | Lair:3   | Found a staircase to the Shoals.
 13753 | Lair:3   | Reached skill level 12 in Fighting
 15061 | Lair:4   | Noticed Josephine
 15077 | Lair:4   | Killed Josephine
 15782 | Lair:4   | Found a hole to the Spider Nest.
 16094 | Lair:5   | Noticed a five-headed hydra
 16108 | Lair:5   | Killed a seven-headed hydra
 16108 | Lair:5   | Reached XP level 13. HP: 52/118 MP: 18/18
 16423 | Lair:5   | Noticed Snorg
 16430 | Lair:5   | Reached skill level 13 in Fighting
 16435 | Lair:5   | Killed Snorg
 17077 | Lair:5   | Found a staircase to the Slime Pits.
 17269 | Lair:6   | Entered Level 6 of the Lair of Beasts
 18478 | Lair:6   | Reached ***** piety under Makhleb
 20096 | Orc:1    | Entered Level 1 of the Orcish Mines
 20290 | Orc:1    | Noticed Erolcha
 20296 | Orc:1    | Killed Erolcha
 20518 | Orc:2    | Entered Level 2 of the Orcish Mines
 20521 | Orc:2    | Found Bikub's General Store.
 20553 | Orc:2    | Bought a scroll of identify for 24 gold pieces
 20553 | Orc:2    | Bought a scroll of identify for 24 gold pieces
 20553 | Orc:2    | Bought a scroll of identify for 24 gold pieces
 20553 | Orc:2    | Bought a scroll of teleportation for 36 gold pieces
 20570 | Orc:2    | Reached skill level 5 in Dodging
 20703 | Orc:2    | Reached XP level 14. HP: 112/129 MP: 19/19
 20949 | Orc:2    | Noticed Sonja
 20950 | Orc:2    | Noticed Sonja
 20950 | Orc:2    | Sonja changed into Sonja the yak
 20956 | Orc:2    | Killed Sonja the yak
 21068 | Orc:2    | Noticed Rupert
 21077 | Orc:2    | Killed Rupert
 21163 | Orc:1    | Found Kiytaygg's Weapon Boutique.
 21347 | Orc:2    | Found a staircase to the Elven Halls.
 21854 | Orc:2    | Found Ukhlo's Magic Scroll Boutique.
 21854 | Orc:2    | Found Rayfos's Magic Scroll Shoppe.
 21856 | Orc:2    | Found Veffep's Armour Boutique.
 21856 | Orc:2    | Found Ijustey's Magic Scroll Shoppe.
 21862 | Orc:2    | Bought a scroll of summoning for 133 gold pieces
 21862 | Orc:2    | Bought a scroll of identify for 28 gold pieces
 21870 | Orc:2    | Bought a +2 plate armour of fire resistance for 400 gold
                  | pieces
 22036 | D:11     | Found Ohois's Antique Weapon Shop.
 22451 | D:12     | Noticed Nessos
 22455 | D:12     | Noticed Nessos
 22455 | D:12     | Nessos changed into Nessos the moth of wrath
 22466 | D:12     | Killed Nessos the moth of wrath
 22466 | D:12     | Reached skill level 14 in Fighting
 22764 | D:12     | Found a runed translucent gate.
 22767 | D:12     | Found a runed translucent gate.
 22767 | D:12     | Found a runed translucent gate.
 22768 | D:12     | Noticed Afrar's ghost (journeyman FoFi)
 23208 | D:12     | Killed Afrar's ghost
 23322 | D:13     | Found a stormy altar of Qazlal.
 23832 | D:13     | Reached skill level 10 in Invocations
 23924 | D:13     | Found a gate to the Vaults.
 24159 | D:14     | Reached ****** piety under Makhleb
 24328 | D:14     | Found a gate leading to a gauntlet.
 24333 | Gauntlet | Entered a Gauntlet
 24333 | Gauntlet | Found a transporter.
 24333 | Gauntlet | Found a transporter.
 24338 | Gauntlet | Found a transporter.
 24353 | Gauntlet | Found a transporter.
 24369 | Gauntlet | Found a transporter.
 24380 | Gauntlet | Found a transporter.
 24384 | Gauntlet | Noticed a reaper
 24398 | Gauntlet | Found a transporter.
 24466 | Gauntlet | Found a transporter.
 24481 | Gauntlet | Found a transporter.
 24501 | Gauntlet | Found a transporter.
 24510 | Gauntlet | Found a transporter.
 24526 | Gauntlet | Found a transporter.
 24593 | Gauntlet | Found a transporter.
 24594 | Gauntlet | Found a transporter.
 24603 | Gauntlet | Found a transporter.
 24608 | Gauntlet | Found a transporter.
 24823 | Gauntlet | Reached XP level 15. HP: 137/137 MP: 21/21
 24896 | Gauntlet | Identified the Catalogue of Shifting Enhancements
 24899 | Gauntlet | Got a polished morningstar
 24900 | Gauntlet | Identified the +10 morningstar "Kykouddo" {antimagic, rElec
                  | rC+ Str+3 Dex+4} (You found it in a Gauntlet)
 25203 | D:14     | Noticed Kirke
 25211 | D:14     | Killed Kirke
 25659 | D:14     | Reached skill level 15 in Fighting
 25797 | D:14     | Got a pitted granite ring
 25802 | D:14     | Identified the ring of Necwo {rPois rC+} (You found it on
                  | level 14 of the Dungeon)
 26122 | Spider:1 | Entered Level 1 of the Spider Nest
 26202 | Spider:1 | Reached skill level 10 in Shields
 26306 | Spider:2 | Got a faintly glowing ring mail
 26347 | Spider:2 | Reached skill level 10 in Armour
 27689 | Spider:3 | Reached XP level 16. HP: 149/149 MP: 23/23
 27925 | Spider:4 | Entered Level 4 of the Spider Nest
 28075 | Spider:4 | Reached skill level 10 in Evocations
 29214 | Spider:4 | Reached skill level 1 in Throwing
 29717 | Spider:4 | Reached skill level 10 in Dodging
 29746 | Spider:4 | Got a gossamer rune of Zot
 30028 | Shoals:1 | Entered Level 1 of the Shoals
 30061 | Shoals:1 | Reached skill level 16 in Fighting
 30374 | Shoals:1 | You fall into a shaft and drop 1 floor!
 30658 | Shoals:2 | Noticed a kraken
 30676 | Shoals:2 | Killed a kraken
 30716 | Shoals:2 | Noticed a kraken
 30735 | Shoals:2 | Killed a kraken
 30761 | Shoals:1 | Found Gaamn's Distillery.
 30839 | Shoals:1 | Bought a potion of mutation for 152 gold pieces
 30839 | Shoals:1 | Bought a potion of haste for 190 gold pieces
 30839 | Shoals:1 | Bought a potion of might for 76 gold pieces
 30839 | Shoals:1 | Bought a potion of agility for 76 gold pieces
 30890 | Shoals:2 | Noticed Polyphemus
 31140 | Shoals:3 | Reached XP level 17. HP: 99/158 MP: 25/25
 31168 | Shoals:3 | Got a translucent flail
 31248 | Shoals:4 | Entered Level 4 of the Shoals
 31853 | Shoals:4 | Found Suawin's Mass Market.
 31854 | Shoals:4 | Found the ring of Phasing {EV+8}
 31854 | Shoals:4 | Noticed Nikola
 31873 | Shoals:4 | Killed Nikola
 31976 | Shoals:4 | Found a hide-covered altar of Uskayaw.
 32124 | Shoals:4 | Found an iron altar of Okawaru.
 32898 | Shoals:4 | Reached skill level 5 in Throwing
 33094 | Shoals:3 | Noticed Jorgrun
 33105 | Shoals:3 | Killed Jorgrun
 33448 | Shoals:4 | Identified the +8 great sword of Spores {antimagic, rC+}
 33690 | Shoals:4 | Got a barnacled rune of Zot
 33758 | Shoals:2 | Noticed a kraken
 34004 | Slime:1  | Entered Level 1 of the Pits of Slime
 34009 | Slime:1  | Noticed an acid blob
 34009 | Slime:1  | Noticed an acid blob
 34011 | Slime:1  | Gained mutation: Your body sometimes deteriorates upon
                  | taking damage. [a shining eye]
 34024 | Slime:1  | Killed an acid blob
 34035 | Slime:1  | Killed an acid blob
 34039 | Slime:1  | Noticed an acid blob
 34050 | Slime:1  | Killed an acid blob
 34080 | Slime:1  | Noticed an acid blob
 34091 | Slime:1  | Killed an acid blob
 34091 | Slime:1  | Reached skill level 17 in Fighting
 34164 | Slime:3  | Noticed an acid blob
 34170 | Slime:3  | Noticed an acid blob
 34172 | Slime:3  | Killed an acid blob
 34308 | Slime:3  | Noticed an acid blob
 34312 | Slime:3  | Gained mutation: You do not regenerate when monsters are
                  | visible. [a shining eye]
 34320 | Slime:3  | Gained mutation: Your flesh is cold resistant. (rC+) [a
                  | shining eye]
 34321 | Slime:3  | Killed an acid blob
 34345 | Slime:2  | Lost mutation: Your body sometimes deteriorates upon taking
                  | damage. [potion of mutation]
 34345 | Slime:2  | Lost mutation: You do not regenerate when monsters are
                  | visible. [potion of mutation]
 34345 | Slime:2  | Gained mutation: Scrolls take you a little longer to read.
                  | [potion of mutation]
 34345 | Slime:2  | Lost mutation: Your flesh is cold resistant. (rC+) [potion
                  | of mutation]
 34345 | Slime:2  | Gained mutation: Your spells are a little harder to cast,
                  | but a little more powerful. [potion of mutation]
 34475 | Slime:4  | Noticed an acid blob
 34574 | Slime:3  | Noticed an acid blob
 34582 | Slime:3  | Killed an acid blob
 34743 | Slime:4  | Noticed an acid blob
 34748 | Slime:4  | Killed an acid blob
 34757 | Slime:4  | Killed an acid blob
 34862 | Slime:4  | Killed an acid blob
 35048 | Slime:5  | Entered Level 5 of the Pits of Slime
 35048 | Slime:5  | Noticed Dissolution
 35063 | Slime:4  | Reached XP level 18. HP: 137/170 MP: 21/26
 35076 | Slime:4  | Killed Dissolution
 35971 | Slime:5  | Found a viscous altar of Jiyva.
 36194 | Slime:5  | Noticed the Royal Jelly
 36212 | Slime:5  | Killed the Royal Jelly
 36283 | Slime:5  | Identified the Incunabulum of Transformation
 36296 | Slime:5  | Identified the Collected Works on Heat and Calling
 36303 | Slime:5  | Got a brightly glowing brass ring
 36306 | Slime:5  | Identified the ring "Zotacaka" {+Inv +Fly rPois rC-} (You
                  | found it on level 5 of the Pits of Slime)
 36312 | Slime:5  | Identified the Handbook of Poison
 36315 | Slime:5  | Got a slimy rune of Zot
 36331 | Slime:5  | Identified the Collected Works on Orientation
 36345 | Slime:5  | Identified Dahiph's Grimoire of Freezing Execration
 36619 | Orc:2    | Bought a scroll of fear for 49 gold pieces
 36619 | Orc:2    | Bought a scroll of identify for 28 gold pieces
 36619 | Orc:2    | Bought a scroll of teleportation for 42 gold pieces
 36619 | Orc:2    | Bought a scroll of identify for 28 gold pieces
 36622 | Orc:2    | Bought 3 scrolls of fog for 66 gold pieces
 36622 | Orc:2    | Bought a scroll of enchant armour for 82 gold pieces
 36622 | Orc:2    | Bought a scroll of teleportation for 33 gold pieces
 36624 | Orc:2    | Bought a scroll of teleportation for 42 gold pieces
 36624 | Orc:2    | Bought a scroll of fear for 49 gold pieces
 36624 | Orc:2    | Bought a scroll of magic mapping for 49 gold pieces
 36624 | Orc:2    | Bought a scroll of magic mapping for 49 gold pieces
 36624 | Orc:2    | Bought a scroll of holy word for 105 gold pieces
 36776 | D:15     | Entered Level 15 of the Dungeon
 36884 | D:15     | Found Doufa's Armour Shop.
 36926 | D:15     | Noticed Agnes
 36942 | D:15     | Killed Agnes
 37166 | D:15     | Identified the ring "Plog" {rN+ MR+ MP+9 Stlth+}
 37379 | D:15     | Got a wavering steel ring
 37392 | D:15     | Found a staircase to the Depths.
 37487 | D:15     | Identified the ring of Obsession {-Tele rPois rN+ Str+2
                  | SInv} (You found it on level 15 of the Dungeon)
 37489 | D:15     | Identified the cursed ring "Gonotoud" {+Fly rPois rC+ MR+
                  | EV-5} (You found it on level 15 of the Dungeon)
 37600 | D:15     | Reached skill level 18 in Fighting
 37610 | D:15     | Identified the +3 plate armour of the King of the Hill
                  | {MP-9 Int+7} (You found it on level 15 of the Dungeon)
 37762 | D:15     | Found Gioxyucu's Distillery.
 37771 | D:15     | Bought a potion of curing for 39 gold pieces
 37771 | D:15     | Bought 2 potions of mutation for 208 gold pieces
 37771 | D:15     | Bought a potion of curing for 39 gold pieces
 37771 | D:15     | Bought a potion of haste for 130 gold pieces
 37771 | D:15     | Bought a potion of haste for 130 gold pieces
 37771 | D:15     | Bought a potion of resistance for 130 gold pieces
 37771 | D:15     | Bought a potion of heal wounds for 65 gold pieces
 37878 | D:15     | Found Paagh's Gadget Shop.
 37979 | Vaults:1 | Entered Level 1 of the Vaults
 38006 | Vaults:1 | Reached XP level 19. HP: 179/179 MP: 28/28
 38343 | Vaults:1 | Identified the Collected Works on the Mountains
 39604 | Vaults:2 | Reached skill level 15 in Armour
 40045 | Vaults:2 | Noticed Asterion
 40422 | Depths:1 | Entered Level 1 of the Depths
 40478 | Depths:1 | Found a one-way gate to the infinite horrors of the Abyss.
 40906 | Depths:2 | Reached skill level 15 in Invocations
 40988 | Depths:2 | Reached skill level 19 in Fighting
 41243 | Depths:2 | Noticed a juggernaut
 41278 | Depths:2 | Reached XP level 20. HP: 191/191 MP: 30/30
 41444 | Depths:2 | Killed a juggernaut
 41747 | Depths:3 | Noticed Bai Suzhen
 42047 | Depths:3 | Noticed Frederick
 42141 | Depths:5 | Entered Level 5 of the Depths
 42470 | Depths:5 | Found a gateway to Hell.
 42472 | Depths:5 | Noticed a juggernaut
 42488 | Depths:5 | Killed a juggernaut
 43786 | Depths:5 | Noticed a golden dragon
 43814 | Depths:5 | Found a gate to the Realm of Zot.
 43824 | Depths:5 | Killed a golden dragon
 43824 | Depths:5 | Reached skill level 20 in Fighting
 44189 | Zot:1    | Entered Level 1 of the Realm of Zot
 44192 | Zot:1    | Lost mutation: Your spells are a little harder to cast, but
                  | a little more powerful. [potion of mutation]
 44192 | Zot:1    | Lost mutation: Scrolls take you a little longer to read.
                  | [potion of mutation]
 44192 | Zot:1    | Gained mutation: You are frail. (-10% HP) [potion of
                  | mutation]
 44192 | Zot:1    | Gained mutation: Your spells are a little harder to cast,
                  | but a little more powerful. [potion of mutation]
 44573 | Zot:1    | Reached XP level 21. HP: 180/180 MP: 32/32
 44614 | Zot:2    | Identified a scroll of acquirement
 44631 | Zot:2    | Got a brightly glowing broad axe
 44642 | Zot:2    | Identified the +8 broad axe "Oploroes" {vamp, *Noise rElec
                  | rN+} (You acquired it on level 2 of the Realm of Zot)
 44658 | Zot:3    | Noticed a curse toe
 44806 | Zot:3    | Killed a curse toe
 44930 | Zot:3    | Noticed a golden dragon
 44943 | Zot:3    | Killed a golden dragon
 45002 | Zot:2    | Noticed an orb of fire
 45006 | Zot:2    | Gained mutation: Your body sometimes deteriorates upon
                  | taking damage. [an orb of fire]
 45023 | Zot:2    | Killed an orb of fire
 45700 | Zot:5    | Entered Level 5 of the Realm of Zot
 45713 | Zot:5    | Noticed an ancient lich
 45713 | Zot:5    | Noticed an ancient lich
 45718 | Zot:5    | Noticed a Killer Klown
 45719 | Zot:5    | Noticed a Killer Klown
 46112 | Zot:5    | Noticed a Killer Klown
 46117 | Zot:5    | Noticed a Killer Klown
 46118 | Zot:5    | Noticed an ancient lich
 46135 | Zot:5    | Noticed an orb of fire
 46139 | Zot:5    | Gained mutation: You do not regenerate when monsters are
                  | visible. [an orb of fire]
 46142 | Zot:5    | Reached skill level 21 in Fighting
 46172 | Zot:5    | Noticed an orb of fire
 46179 | Zot:5    | Gained mutation: Scrolls take you a little longer to read.
                  | [an orb of fire]
 46188 | Zot:5    | Reached XP level 22. HP: 191/191 MP: 33/33
 46197 | Zot:5    | Killed an orb of fire
 46209 | Zot:5    | Noticed a Killer Klown
 46220 | Zot:5    | HP: 9/191 [Orb Guardian (6)]
 46221 | Zot:5    | Slain by an Orb Guardian

Levels and vault maps discovered:
D:1:      psy_arrival_dodecagon, layout_rooms
D:2:      layout_loops_ring, marbit_many_paths, serial_bayou_lagoon_a
D:3:      layout_basic
D:4:      layout_layer_cave, gammafunk_temple_overflow_elements, serial_glass,
          glass_columns_b, glass_columns_b, glass_columns_b, glass_columns_a,
          enter_ossuary_2
D:5:      layout_rooms, lemuel_doored_altar, minmay_temple_entry_mist,
          first_ration, uniq_blork_the_orc, uniq_menkaure
D:6:      layout_layer_cave, old_standard_altar, lemuel_crystal_altar,
          serial_shops, kennysheep_mini_moat, shop, nicolae_lava_and_water,
          kennysheep_pointless_box, st_stairs_9, uniq_grinder
D:7:      layout_gridville, kennysheep_little_box, serial_shops, shop,
          minmay_starry_boxes
D:8:      layout_basic, old_standard_altar, due_lair_maze_entry_diamond,
          serial_shops, nicolae_shop_crystal, uniq_pikel
D:9:      layout_loops_cross, orc_0_dummy, serial_shops, nicolae_shop_trees
D:10:     layout_loops_cross, serial_bayou_pond_a, uniq_erica
D:11:     lemuel_upstairs_altar, layout_irregular_city, serial_shops,
          nicolae_shop_crystal, hangedman_stone_soup
D:12:     layout_basic, gammafunk_ghost_necromancy, uniq_nessos
D:13:     layout_long_grid, grunt_vaults_entry_fortified,
          nicolae_qazlal_style_of_elements
D:14:     minmay_ornate_pinched, layout_gridville,
          chequers_serial_rivers_large_a, gauntlet_entry_generic,
          onia_ninara_dug_in_and_dangerous, uniq_kirke
D:15:     hangedman_spin_cycle, uniq_agnes
Temple:   eino_temple_water
Lair:1:   layout_loops_ring, serial_bayou_shore_a, serial_bayou_shore_b,
          grunt_megastairs_4
Lair:2:   layout_cave_pods
Lair:3:   layout_layer_cave, minmay_shoals_entry_hut, grunt_megastairs_5,
          serial_bayou_shore_b, minmay_lair_oklob_chamber
Lair:4:   layout_roguey, spider_nest_entry_funnel_web, uniq_josephine
Lair:5:   layout_cave_pods, dpeg_slime_entry_corner, uniq_snorg
Lair:6:   minmay_lair_end_enchanted_forest, layout_layer_cave
Shoals:1: layout_shoals, serial_shops, shop_coins
Shoals:2: layout_shoals, uniq_polyphemus
Shoals:3: layout_shoals, uniq_louise, uniq_jorgrun
Shoals:4: shoals_end_simple, layout_shoals, minmay_shop_mass,
          hangedman_feature_mirror, uniq_nikola
Spider:1: layout_spider_delve, nicolae_spider_nook,
          hangedman_spider_tarantella_strand
Spider:2: layout_spider_delve
Spider:3: layout_chambers
Spider:4: grunt_spider_rune_circles
Slime:1:  layout_caves
Slime:2:  cheibrodos_slime_lost_civilization_2, layout_caves
Slime:3:  layout_caves, nicolae_slime_phagocytosis
Slime:4:  layout_caves
Slime:5:  uniq_dissolution
Orc:1:    layout_caves, serial_shops, shop_fountains, uniq_erolcha
Orc:2:    grunt_orc_tribal_feast, layout_caves, serial_shops, shop, uniq_rupert,
          uniq_sonja
Vaults:1: vaults_standard_mumra_x, v_misc_1, v_misc_11, vaults_room_glass_cross,
          vaults_room_grunt_arrival_ludios, v_rooms_1, vaults_dpeg_encased_lava,
          nicolae_vaults_mini_display_case, nicolae_vaults_little_squares_6,
          ontoclasm_vaults_gateway, layout_vaults_omnigrid
Vaults:2: grunt_vaults_funnel, ontoclasm_vaults_ligature, vaults_room_grid,
          grunt_vaults_trifunnel, hangedman_vaults_snaps,
          nicolae_vaults_little_squares_6, v_misc_17,
          nicolae_vaults_network_star, hangedman_vaults_trim,
          nicolae_vaults_ring_of_whatevers, nicolae_vaults_network_s,
          ontoclasm_vaults_shuriken, vaults_mumra_lcd, nicolae_vaults_gold_heap,
          layout_vaults_maze_bifur, uniq_asterion
Depths:1: layout_roguey, enter_ziggurat_c, hangedman_coc_ice_floe, serial_shops,
          shop, abyss_entry, hangedman_abyss_or_decor_passed,
          minmay_hidden_floor
Depths:2: minmay_sliced_demisemicircle, layout_gridlike, mu_enter_wizlab_3,
          kennysheep_cross_room, hell_entry
Depths:3: hangedman_cross_cluster, layout_long_grid, old_standard_altar,
          pan_entry, lightli_too_deep, uniq_frederick, uniq_bai_suzhen,
          uniq_mara
Depths:4: minmay_the_grid_ultimate [minmay_the_grid_prize_trominoes,
          minmay_the_grid_prize_inner_circle, minmay_the_grid_prize_trominoes,
          minmay_the_grid_prize_trominoes, minmay_the_grid_square_5x5_six_small,
          minmay_the_grid_square_5x5_c, minmay_the_grid_square_5x5_two,
          minmay_the_grid_square_5x5_comb, minmay_the_grid_square_5x5_shrine2,
          minmay_the_grid_square_5x5_trominoes,
          minmay_the_grid_square_5x5_two_walls_a,
          minmay_the_grid_square_5x5_meh, minmay_the_grid_square_5x5_minibox,
          minmay_the_grid_square_5x5_checkered_sparse,
          minmay_the_grid_square_5x5_three_small, minmay_the_grid_square_5x5_n,
          minmay_the_grid_square_5x5_gyroscope,
          minmay_the_grid_square_5x5_n_small,
          minmay_the_grid_square_5x5_beaten_path,
          minmay_the_grid_triangle_9x9_flanged_cone,
          minmay_the_grid_triangle_9x9_dagger,
          minmay_the_grid_triangle_9x9_shrine,
          minmay_the_grid_triangle_9x9_subtriangle,
          minmay_the_grid_triangle_9x9_sprig,
          minmay_the_grid_triangle_9x9_steps,
          minmay_the_grid_triangle_9x9_cache,
          minmay_the_grid_triangle_9x9_limited_checkers,
          minmay_the_grid_triangle_9x9_corruption,
          minmay_the_grid_triangle_9x9_stretched_checkered,
          minmay_the_grid_triangle_9x9_descending_squares,
          minmay_the_grid_triangle_9x9_skeleton,
          minmay_the_grid_triangle_9x9_fully_insulated_deathbox,
          minmay_the_grid_triangle_9x9_pentomino_pain,
          minmay_the_grid_triangle_9x9_odd_lines,
          minmay_the_grid_triangle_9x9_intruding_spiral,
          minmay_the_grid_square_5x5_dogpile, minmay_the_grid_octo_clover,
          minmay_the_grid_octo_shrine, minmay_the_grid_octo_pinwheel,
          minmay_the_grid_octo_toaster, minmay_the_grid_octo_chip,
          minmay_the_grid_octo_77, minmay_the_grid_octo_focus,
          minmay_the_grid_octo_teeth, minmay_the_grid_stretched_grid,
          minmay_the_grid_broken_lines, minmay_the_grid_minigrid_large,
          minmay_the_grid_outer_circle], abyss_entry, hell_entry, uniq_jory
Depths:5: grunt_zot_entry_hairpin, layout_basic, hell_entry
Zot:1:    layout_basic
Zot:2:    layout_misc_corridors, grunt_megastairs_1
Zot:3:    layout_misc_corridors
Zot:4:    infiniplex_zot_generator, layout_misc_corridors, grunt_ministairs_6
Zot:5:    layout_gridlike

Skill      XL: |  1  2  3  4  5  6  7  8  9 10 11 12 13 14 15 16 17 18 19 20 21 |
---------------+----------------------------------------------------------------+-----
Axes           | 3 5 6 7 9 12 13 15 17 18 | 18.0
Fighting       | 4 5 6 7 9 10 11 12 13 14 15 16 17 18 19 20 21 | 21.3
Dodging        | 1 2 3 5 7 9 10 11 12 13 | 13.8
Armour         | 4 5 6 8 10 11 13 14 15 17 18 | 18.6
Shields        | 4 5 6 8 10 11 12 13 14 | 14.0
Evocations     | 2 3 5 6 7 8 9 10 11 12 13 14 | 14.0
Invocations    | 3 6 8 9 10 11 12 13 14 15 16 17 | 17.0
Throwing       | 3 5 |  5.0

Action                   |  1- 3 |  4- 6 |  7- 9 | 10-12 | 13-15 | 16-18 | 19-21 | 22-24 || total
-------------------------+-------+-------+-------+-------+-------+-------+-------+-------++-------
Melee: War axe           |   101 |    61 |   310 |   620 |  1416 |  1463 |   889 |       ||  4860
       Headbutt          |     5 |     9 |    54 |   172 |   315 |   392 |   509 |     6 ||  1462
       Trident           |       |       |       |     5 |    13 |       |       |       ||    18
       Broad axe         |       |       |       |       |       |       |   674 |    28 ||   702
Throw: Dart              |       |       |       |     2 |       |       |       |       ||     2
       Boomerang         |       |       |       |       |     1 |       |       |       ||     1
       Javelin           |       |       |       |       |       |    50 |     2 |       ||    52
       Throwing net      |       |       |       |       |       |     1 |       |       ||     1
Invok: Lesser Servant of |       |       |       |     8 |    30 |    19 |       |       ||    57
       Greater Servant o |       |       |       |       |     1 |    20 |    10 |       ||    31
 Abil: Evoke Invisibilit |       |       |       |       |     6 |    16 |    11 |       ||    33
Evoke: Wand              |       |       |       |    12 |     7 |     9 |    19 |       ||    47
       Phantom mirror    |       |       |       |       |     1 |       |       |       ||     1
       Phial of floods   |       |       |       |       |       |     2 |       |       ||     2
       Sack of spiders   |       |       |       |       |       |     1 |       |       ||     1
       Box of beasts     |       |       |       |       |       |     3 |       |       ||     3
  Use: Potion            |       |     1 |       |     1 |     5 |    33 |    25 |       ||    65
       Scroll            |       |       |     9 |    13 |    18 |    28 |    17 |     2 ||    87
 Stab: Distracted        |       |       |       |     2 |     3 |    13 |     1 |       ||    19
       Paralysed         |       |       |       |    14 |       |       |     5 |       ||    19
       Invisible         |       |       |       |     4 |    19 |    63 |    80 |     5 ||   171
       Held in net/web   |       |       |       |       |       |     2 |       |       ||     2
       Confused          |       |       |       |       |       |     3 |       |       ||     3
       Betrayed ally     |       |       |       |       |       |       |     1 |       ||     1
  Eat: Chunk             |     3 |     1 |    10 |    22 |    27 |     6 |     9 |       ||    78
       Ration            |       |     1 |     1 |     2 |     4 |    10 |     7 |       ||    25
Armor: Scale mail        |     9 |       |       |       |       |       |       |       ||     9
       Chain mail        |    38 |    37 |   158 |     9 |       |       |       |       ||   242
       Plate armour      |       |       |       |   272 |   733 |   727 |   627 |    31 ||  2390
Dodge: Dodged            |    20 |     9 |    85 |   111 |   502 |   763 |   843 |    39 ||  2372
Block: Shield            |    47 |    43 |   189 |   265 |   801 |   951 |   871 |    62 ||  3229

Levels and vault maps discovered:
D:1:      psy_arrival_dodecagon, layout_rooms
D:2:      layout_loops_ring, marbit_many_paths, serial_bayou_lagoon_a
D:3:      layout_basic
D:4:      layout_layer_cave, gammafunk_temple_overflow_elements, serial_glass,
          glass_columns_b, glass_columns_b, glass_columns_b, glass_columns_a,
          enter_ossuary_2
D:5:      layout_rooms, lemuel_doored_altar, minmay_temple_entry_mist,
          first_ration, uniq_blork_the_orc, uniq_menkaure
D:6:      layout_layer_cave, old_standard_altar, lemuel_crystal_altar,
          serial_shops, kennysheep_mini_moat, shop, nicolae_lava_and_water,
          kennysheep_pointless_box, st_stairs_9, uniq_grinder
D:7:      layout_gridville, kennysheep_little_box, serial_shops, shop,
          minmay_starry_boxes
D:8:      layout_basic, old_standard_altar, due_lair_maze_entry_diamond,
          serial_shops, nicolae_shop_crystal, uniq_pikel
D:9:      layout_loops_cross, orc_0_dummy, serial_shops, nicolae_shop_trees
D:10:     layout_loops_cross, serial_bayou_pond_a, uniq_erica
D:11:     lemuel_upstairs_altar, layout_irregular_city, serial_shops,
          nicolae_shop_crystal, hangedman_stone_soup
D:12:     layout_basic, gammafunk_ghost_necromancy, uniq_nessos
D:13:     layout_long_grid, grunt_vaults_entry_fortified,
          nicolae_qazlal_style_of_elements
D:14:     minmay_ornate_pinched, layout_gridville,
          chequers_serial_rivers_large_a, gauntlet_entry_generic,
          onia_ninara_dug_in_and_dangerous, uniq_kirke
D:15:     hangedman_spin_cycle, uniq_agnes
Temple:   eino_temple_water
Lair:1:   layout_loops_ring, serial_bayou_shore_a, serial_bayou_shore_b,
          grunt_megastairs_4
Lair:2:   layout_cave_pods
Lair:3:   layout_layer_cave, minmay_shoals_entry_hut, grunt_megastairs_5,
          serial_bayou_shore_b, minmay_lair_oklob_chamber
Lair:4:   layout_roguey, spider_nest_entry_funnel_web, uniq_josephine
Lair:5:   layout_cave_pods, dpeg_slime_entry_corner, uniq_snorg
Lair:6:   minmay_lair_end_enchanted_forest, layout_layer_cave
Shoals:1: layout_shoals, serial_shops, shop_coins
Shoals:2: layout_shoals, uniq_polyphemus
Shoals:3: layout_shoals, uniq_louise, uniq_jorgrun
Shoals:4: shoals_end_simple, layout_shoals, minmay_shop_mass,
          hangedman_feature_mirror, uniq_nikola
Spider:1: layout_spider_delve, nicolae_spider_nook,
          hangedman_spider_tarantella_strand
Spider:2: layout_spider_delve
Spider:3: layout_chambers
Spider:4: grunt_spider_rune_circles
Slime:1:  layout_caves
Slime:2:  cheibrodos_slime_lost_civilization_2, layout_caves
Slime:3:  layout_caves, nicolae_slime_phagocytosis
Slime:4:  layout_caves
Slime:5:  uniq_dissolution
Orc:1:    layout_caves, serial_shops, shop_fountains, uniq_erolcha
Orc:2:    grunt_orc_tribal_feast, layout_caves, serial_shops, shop, uniq_rupert,
          uniq_sonja
Vaults:1: vaults_standard_mumra_x, v_misc_1, v_misc_11, vaults_room_glass_cross,
          vaults_room_grunt_arrival_ludios, v_rooms_1, vaults_dpeg_encased_lava,
          nicolae_vaults_mini_display_case, nicolae_vaults_little_squares_6,
          ontoclasm_vaults_gateway, layout_vaults_omnigrid
Vaults:2: grunt_vaults_funnel, ontoclasm_vaults_ligature, vaults_room_grid,
          grunt_vaults_trifunnel, hangedman_vaults_snaps,
          nicolae_vaults_little_squares_6, v_misc_17,
          nicolae_vaults_network_star, hangedman_vaults_trim,
          nicolae_vaults_ring_of_whatevers, nicolae_vaults_network_s,
          ontoclasm_vaults_shuriken, vaults_mumra_lcd, nicolae_vaults_gold_heap,
          layout_vaults_maze_bifur, uniq_asterion
Depths:1: layout_roguey, enter_ziggurat_c, hangedman_coc_ice_floe, serial_shops,
          shop, abyss_entry, hangedman_abyss_or_decor_passed,
          minmay_hidden_floor
Depths:2: minmay_sliced_demisemicircle, layout_gridlike, mu_enter_wizlab_3,
          kennysheep_cross_room, hell_entry
Depths:3: hangedman_cross_cluster, layout_long_grid, old_standard_altar,
          pan_entry, lightli_too_deep, uniq_frederick, uniq_bai_suzhen,
          uniq_mara
Depths:4: minmay_the_grid_ultimate [minmay_the_grid_prize_trominoes,
          minmay_the_grid_prize_inner_circle, minmay_the_grid_prize_trominoes,
          minmay_the_grid_prize_trominoes, minmay_the_grid_square_5x5_six_small,
          minmay_the_grid_square_5x5_c, minmay_the_grid_square_5x5_two,
          minmay_the_grid_square_5x5_comb, minmay_the_grid_square_5x5_shrine2,
          minmay_the_grid_square_5x5_trominoes,
          minmay_the_grid_square_5x5_two_walls_a,
          minmay_the_grid_square_5x5_meh, minmay_the_grid_square_5x5_minibox,
          minmay_the_grid_square_5x5_checkered_sparse,
          minmay_the_grid_square_5x5_three_small, minmay_the_grid_square_5x5_n,
          minmay_the_grid_square_5x5_gyroscope,
          minmay_the_grid_square_5x5_n_small,
          minmay_the_grid_square_5x5_beaten_path,
          minmay_the_grid_triangle_9x9_flanged_cone,
          minmay_the_grid_triangle_9x9_dagger,
          minmay_the_grid_triangle_9x9_shrine,
          minmay_the_grid_triangle_9x9_subtriangle,
          minmay_the_grid_triangle_9x9_sprig,
          minmay_the_grid_triangle_9x9_steps,
          minmay_the_grid_triangle_9x9_cache,
          minmay_the_grid_triangle_9x9_limited_checkers,
          minmay_the_grid_triangle_9x9_corruption,
          minmay_the_grid_triangle_9x9_stretched_checkered,
          minmay_the_grid_triangle_9x9_descending_squares,
          minmay_the_grid_triangle_9x9_skeleton,
          minmay_the_grid_triangle_9x9_fully_insulated_deathbox,
          minmay_the_grid_triangle_9x9_pentomino_pain,
          minmay_the_grid_triangle_9x9_odd_lines,
          minmay_the_grid_triangle_9x9_intruding_spiral,
          minmay_the_grid_square_5x5_dogpile, minmay_the_grid_octo_clover,
          minmay_the_grid_octo_shrine, minmay_the_grid_octo_pinwheel,
          minmay_the_grid_octo_toaster, minmay_the_grid_octo_chip,
          minmay_the_grid_octo_77, minmay_the_grid_octo_focus,
          minmay_the_grid_octo_teeth, minmay_the_grid_stretched_grid,
          minmay_the_grid_broken_lines, minmay_the_grid_minigrid_large,
          minmay_the_grid_outer_circle], abyss_entry, hell_entry, uniq_jory
Depths:5: grunt_zot_entry_hairpin, layout_basic, hell_entry
Zot:1:    layout_basic
Zot:2:    layout_misc_corridors, grunt_megastairs_1
Zot:3:    layout_misc_corridors
Zot:4:    infiniplex_zot_generator, layout_misc_corridors, grunt_ministairs_6
Zot:5:    layout_gridlike
